 Dungeon Crawl Stone Soup version 0.30-a0-4-ga7cffc901d (webtiles) character file.

Game seed: 7094318747873001823

42 Setbun the Sneak (level 3, 0/21 HPs)
             Began as a Kobold Brigand on Aug 21, 2022.
             Slain by an orc
             ... wielding a +0 hand axe
              (7 damage)
             ... on level 3 of the Dungeon.
             The game lasted 00:00:59 (1678 turns).

Setbun the Sneak (Kobold Brigand)                   Turns: 1678, Time: 00:01:00

Health: 0/21       AC:  4    Str:  8    XL:     3   Next: 80%
Magic:  3/3        EV: 14    Int: 12    God:
Gold:   116        SH:  0    Dex: 18    Spells: 2/2 levels left

rFire   . . .      SeeInvis .    a - +2 dagger
rCold   . . .      Faith    .    (no shield)
rNeg    . . .      Spirit   .    b - +0 robe
rPois   .          Reflect  .    (no helmet)
rElec   .          Harm     .    c - +0 cloak
rCorr   .          Rampage  .    (no gloves)
Will    .....                    m - +0 pair of boots
Stlth   ++++......               (no amulet)
HPRegen 0.07/turn                (no ring)
MPRegen 0.08/turn                (no ring)

@: no status effects
A: small, no large weapons, nightstalker 3
a: no special abilities


You were on level 3 of the Dungeon.
You visited 1 branch of the dungeon, and saw 3 of its levels.

You collected 116 gold pieces.

Inventory:

Hand Weapons
 a - a +2 dagger (weapon)
Missiles
 d - 14 poisoned darts (quivered)
 e - 3 curare-tipped darts
Armour
 b - a +0 robe (worn)
 c - a +0 cloak (worn)
 m - a +0 pair of boots (worn)
Wands
 i - a wand of iceblast (15)
Scrolls
 f - a scroll of fear {unknown}
 h - 2 scrolls of poison {unknown}
 j - 2 scrolls of blinking {unknown}
 k - a scroll of magic mapping {unknown}
 l - a scroll of identify {unknown}
Potions
 g - 2 potions of heal wounds {unknown}


   Skills:
 - Level 2.1 Fighting
 * Level 5.1 Short Blades
 - Level 2.1 Throwing
 - Level 1.2 Dodging
 - Level 5.3 Stealth


You had 2 spell levels left.
You didn't know any spells.
Your spell library was empty.

Dungeon Overview and Level Annotations

Branches:
Dungeon (3/15)

Altars:


Innate Abilities, Weirdness & Mutations

You are small and have problems with some larger weapons.
You are completely attuned to the shadows.


Message History

You hit the orc.
The orc is moderately wounded.
A goblin comes into view. It is wielding a +0 dagger.
The hobgoblin barely misses you. The orc hits you with a +0 club.
You hit the orc.
The orc is severely wounded.
The orc hits you with a +1 flail of pain.
* * * LOW HITPOINT WARNING * * *
The orc barely misses you. The hobgoblin closely misses you.
You are too injured to fight recklessly!
You are too injured to fight recklessly!
You are too injured to fight recklessly!
You are too injured to fight recklessly!
You are too injured to fight recklessly!
You are too injured to fight recklessly!
You are too injured to fight recklessly!
You are too injured to fight recklessly!
You are too injured to fight recklessly!
You are too injured to fight recklessly!
You are too injured to fight recklessly!
You are too injured to fight recklessly!
You are too injured to fight recklessly!
You are too injured to fight recklessly!
You are too injured to fight recklessly!
You are too injured to fight recklessly!
You are too injured to fight recklessly!
You are too injured to fight recklessly!
You are too injured to fight recklessly!
You are too injured to fight recklessly!
You hit the orc.
You kill the orc!
An orc comes into view. It is wielding a +0 hand axe.
The hobgoblin hits you but does no damage.
You hit the hobgoblin.
The hobgoblin is severely wounded.
You hit the hobgoblin.
You kill the hobgoblin!
An adder comes into view.
The orc closely misses you. The orc hits you with a +0 hand axe!
You die...

##
..#####.#
....#.#.#
S..oo...#
#@...# ..
##...#
#.# ##..#
#.###.###
#.#.##
#.## #.
#.# #.#
#.# ##.##
#.#


You could see an adder (wandering) and 2 orcs.

Vanquished Creatures
  2 dart slugs (D:1)
  2 orcs (D:3)
  3 ball pythons (D:2)
  4 bats
  4 endoplasms
  2 giant cockroaches
  3 goblins (D:2)
  5 hobgoblins
  2 kobolds (D:1)
  A quokka (D:2)
  5 frilled lizards
  A rat (D:1)
34 creatures vanquished.

Notes
Turn   | Place    | Note
-------+----------+-------------------------------------------
     0 | D:1      | Setbun the Kobold Brigand began the quest for the Orb.
     0 | D:1      | Reached XP level 1. HP: 12/12 MP: 1/1
    76 | D:1      | Reached XP level 2. HP: 17/17 MP: 2/2
   192 | D:1      | Found a faded altar of an unknown god.
   705 | D:1      | Reached XP level 3. HP: 18/21 MP: 3/3
  1396 | D:2      | Reached skill level 5 in Short Blades
  1678 | D:3      | Slain by an orc

Illustrated notes

Levels and vault maps discovered:
D:1:      dpeg_arrival_round_a, layout_basic, chequers_ecumenical_altar_grove
D:2:      layout_rooms, minmay_cupped
D:3:      layout_loops_corners, minmay_overflow_temple_star_hex,
          solitary_fountain, minmay_close_crescents, uniq_grinder

Skill      XL: |  1  2  3 |
---------------+----------+-----
Short Blades   | 3 4 5 |  5.1
Fighting       | |  2.1
Throwing       | |  2.1
Dodging        | |  1.2
Stealth        | |  5.3

Action                   || total
-------------------------++-------
Melee: Dagger            ||    75
 Stab: Sleeping          ||    19
Armor: Robe              ||    10
Dodge: Dodged            ||    40

Table legend: (Time is in decaauts)
 A = Elapsed time spent in this place.
 B = Non-inter-level travel time spent in this place.
 C = Inter-level travel time spent in this place.
 D = Time resting spent in this place.
 E = Time spent auto-exploring this place.
 F = Levels seen in this place.
 G = Mean time per level.
                   A        B        C        D        E       F      G
               +--------+--------+--------+--------+--------+-----+--------+
         Total |   1660 |   1578 |     82 |      0 |   1379 |   3 |  553.3 |
       Dungeon |   1660 |   1578 |     82 |      0 |   1379 |   3 |  553.3 |
               +--------+--------+--------+--------+--------+-----+--------+

Top non-repeatable levels by time:
     D:1: 1074 daAuts
     D:2: 551 daAuts
     D:3: 34 daAuts
